 Dungeon Crawl Stone Soup version 0.28-a0-998-gb9e9c7b67e (webtiles) character file.

Game seed: 6232762607919495846

1355 bearlyready the Conjurer (level 8, -1/66 HPs)
             Began as a Red Draconian Venom Mage on Dec 5, 2021.
             Was an Initiate of Gozag.
             Slain by an orc warrior (13 damage)
             ... on level 6 of the Dungeon.
             The game lasted 00:12:20 (7178 turns).

bearlyready the Conjurer (Red Draconian Venom Mage) Turns: 7178, Time: 00:12:21

Health: -1/66      AC:  6    Str: 12    XL:     8   Next: 37%
Magic:  7/15       EV: 12    Int: 17    God:    Gozag
Gold:   148        SH:  0    Dex: 11    Spells: 9/16 levels left

rFire   + + .      SeeInvis .   b - +0 dagger (venom)
rCold   . . .      Faith    .   (no shield)
rNeg    . . .      Spirit   .   (armour unavailable)
rPois   .          Reflect  .   (helmet restricted)
rElec   .          Harm     .   (no cloak)
rCorr   .          Rampage  .   (no gloves)
Will    .....                   (no boots)
Stlth   ++........              (no amulet)
HPRegen 0.21/turn               q - ring of wizardry
MPRegen 0.14/turn               E - ring of protection from fire

@: about to teleport, short of breath, gold aura
A: breathe fire, AC +6, unfitting armour, fire resistance 1, cold-blooded
a: Breathe Fire, Renounce Religion, Potion Petition, Call Merchant, Bribe Branch


You were on level 6 of the Dungeon.
You worshipped Gozag.
Gozag was aware of your devotion.
You visited 2 branches of the dungeon, and saw 7 of its levels.
You also visited: Ossuary.

You collected 219 gold pieces.
You paid 71 gold pieces to Gozag.

Inventory:

Hand Weapons
 b - a +0 dagger of venom (weapon)
 z - a +2 spear of flaming
Missiles
 e - 84 stones
 j - 20 sling bullets
 v - 25 poisoned darts
 w - 3 boomerangs
Magical Staves
 u - a staff of poison
Jewellery
 q - a ring of wizardry (left hand)
 E - a ring of protection from fire (right hand)
Wands
 D - a wand of paralysis (8)
Scrolls
 c - 2 scrolls of noise
 f - 4 scrolls of immolation
 h - 5 scrolls of teleportation
 i - 2 scrolls of amnesia
 m - a scroll of fog
 r - a scroll of enchant weapon
 y - a scroll of vulnerability {unknown}
 A - 2 scrolls of identify
 B - a scroll of fear {unknown}
 C - a scroll of enchant armour {unknown}
Potions
 a - 3 potions of cancellation {unknown}
 d - 3 potions of attraction {unknown}
 g - a potion of lignification {unknown}
 k - a potion of haste
 l - 3 potions of curing {unknown}
 n - 3 potions of degeneration
 o - 2 potions of mutation
 p - 2 potions of magic
 s - a potion of invisibility {unknown}
 t - 3 potions of might {unknown}
 x - 2 potions of heal wounds


   Skills:
 - Level 4.0 Fighting
 - Level 1.7 Dodging
 - Level 1.7 Stealth
 + Level 4.9 Spellcasting
 + Level 6.4 Conjurations
 - Level 2.0 Transmutations
 - Level 5.1 Poison Magic


You had 9 spell levels left.
You knew the following spells:

 Your Spells              Type           Power      Damage    Failure   Level
a - Sting                 Tmut/Pois      64%        1d6       1%          1
b - Searing Ray           Conj           52%        2d6       1%          2
c - Olgreb's Toxic Radia  Pois           21%        N/A       7%          4

Your spell library contained the following spells:

 Spells                   Type           Power      Damage    Failure   Level
 Magic Dart               Conj           100%       1d8       1%          1
 Shock                    Conj/Air       60%        1d6       1%          1
 Beastly Appendage        Tmut           22%        N/A       2%          1
 Poisonous Vapours        Pois/Air       24%        N/A       3%          2
 Mephitic Cloud           Conj/Pois/Air  17%        N/A       3%          3
 Wereblood                Tmut           11%        N/A       4%          2
 Spider Form              Tmut/Pois      16%        N/A       4%          3
 Fulminant Prism          Conj/Hex       7%         3d7       16%         4
 Call Canine Familiar     Summ           4%         N/A       17%         3
 Portal Projectile        Hex/Tloc       8%         N/A       17%         3
 Swiftness                Air            4%         N/A       17%         3
 Airstrike                Air            2%         N/A       47%         4
 Leda's Liquefaction      Hex/Erth       2%         N/A       47%         4


Dungeon Overview and Level Annotations

Branches:
Dungeon (6/15)             Temple (1/1) D:6         Ossuary (visited)

Altars:
Ashenzari
Cheibriados
Elyvilon
Fedhas
Gozag
Hepliaklqana
Kikubaaqudgha
Makhleb
Nemelex Xobeh
Okawaru
Qazlal
Ru
Sif Muna
Trog
Uskayaw
Vehumet
Wu Jian
Xom
Yredelemnul
Zin
The Shining One


Innate Abilities, Weirdness & Mutations

You can breathe blasts of fire.
Your fiery red scales are hard. (AC +6)
You cannot fit into any form of body armour.
Your flesh is heat resistant. (rF+)
You are cold-blooded and may be slowed by cold attacks.


Message History

The searing ray hits the orc warrior but does no damage.
The searing ray hits the orc.
The orc is severely wounded.
The searing ray hits the orc warrior.
The orc warrior is lightly wounded.
You finish channelling your searing ray.
The orc warrior barely misses you.
Aiming: Breathe Fire (4% risk of failure)
Press: ? - help, Shift-Dir - straight line, f - orc warrior
Aim: an orc warrior, wielding a +0 flail and wearing a +0 chain mail (lightly wounded)
You breathe a blast of fire.
The fiery breath misses the orc warrior.
The fiery breath hits the orc!
You kill the orc!
The orc warrior hits you with a +0 flail!
Casting: Searing Ray (safe; 1% risk of failure)
Confirm with . or Enter, or press ? or * to list all spells.
Aiming: Searing Ray (safe; 1% risk of failure)
Press: ? - help, Shift-Dir - straight line, f/p - orc warrior
Aim: an orc warrior, wielding a +0 flail and wearing a +0 chain mail (lightly wounded, 77% to hit)
The searing ray misses the orc warrior. (Press . to maintain the ray.)
The orc warrior hits you with a +0 flail!
The searing ray hits the orc warrior.
The orc warrior is moderately wounded.
The orc warrior hits you with a +0 flail!
The searing ray hits the orc warrior.
The orc warrior is heavily wounded.
The orc warrior hits you with a +0 flail!
* * * LOW HITPOINT WARNING * * *
The searing ray hits the orc warrior but does no damage.
The orc warrior is heavily wounded.
You finish channelling your searing ray.
The orc warrior hits you with a +0 flail!
* * * LOW HITPOINT WARNING * * *
As you read the scroll of teleportation, it crumbles to dust.
You feel strangely unstable. The orc warrior closely misses you.
The orc warrior hits you with a +0 flail!
You die...
Your body crumbles into a pile of gold.

#........##...## ##.#
#.#.#.#############.$#
$#.#.##
#....##.####### .
#..## #.....$$.$.....
.# ##..##
#<....##....... .#
##..# #.....# .......
## ##.#
#.....##....... #.#
#.o............ #.#
#@....####.#### #.##
#.....# .#
#.##>.####....# .#
#.....#....##.#
#####......##.# # #.
##....#.##.####.## .
#................. .##
#.#..##.##........ ..#
##....##.##........


You could see an orc warrior.

Vanquished Creatures
  A black bear (D:5)
  A sky beast (D:6)
  A necrophage (D:5)
  A centaur (D:3)
  2 phantoms (D:5)
  A scorpion (D:4)
  An oklob sapling (D:6)
  An electric eel (D:6)
  2 centaur zombies (Ossuary)
  4 hounds
  2 orc priests (D:3)
  4 bullfrog skeletons
  3 iguanas
  A killer bee zombie (D:5)
  2 mummies (Ossuary)
  4 adders
  A shadow imp (D:4)
  2 white imps (D:5)
  2 ufetubi
  3 adder zombies (Ossuary)
  2 adder skeletons (D:4)
  5 worms
  11 dart slugs
  10 orcs
  9 ball pythons
  5 endoplasms
  A giant cockroach (D:1)
  9 goblins
  7 hobgoblins
  5 jackals
  6 kobolds
  2 quokkas (D:1)
  6 bats
  3 frilled lizards
  2 goblin zombies
  10 hobgoblin zombies (Ossuary)
  2 jackal zombies (Ossuary)
  7 kobold zombies (Ossuary)
  11 orc zombies (Ossuary)
  A quokka zombie (D:4)
  7 rats
  A rat zombie (Ossuary)
161 creatures vanquished.

Vanquished Creatures (others)
  2 plants (D:6)
2 creatures vanquished.

Grand Total: 163 creatures vanquished

Notes
Turn   | Place    | Note
-------+----------+-------------------------------------------
     0 | D:1      | bearlyready the Draconian Venom Mage began the quest for
                  | the Orb.
     0 | D:1      | Reached XP level 1. HP: 14/14 MP: 3/3
   385 | D:1      | Found a faded altar of an unknown god.
   441 | D:1      | Reached XP level 2. HP: 19/20 MP: 5/5
  1320 | D:2      | Reached XP level 3. HP: 25/26 MP: 2/6
  1379 | D:1      | Learned a level 2 spell: Searing Ray
  1552 | D:2      | Reached skill level 1 in Conjurations
  1673 | D:2      | Reached skill level 1 in Fighting
  1673 | D:2      | Reached XP level 4. HP: 22/35 MP: 7/7
  2312 | D:3      | Reached skill level 2 in Conjurations
  2507 | D:3      | Reached XP level 5. HP: 41/42 MP: 3/8
  3010 | D:3      | Noticed a centaur
  3017 | D:3      | Killed a centaur
  3018 | D:3      | Reached skill level 3 in Conjurations
  3018 | D:3      | Reached XP level 6. HP: 8/51 MP: 3/9
  3487 | D:4      | Found a white marble altar of Elyvilon.
  3643 | D:4      | Reached skill level 4 in Conjurations
  3943 | D:4      | Found a sand-covered staircase.
  3961 | Ossuary  | Entered an ossuary
  4272 | Ossuary  | Your scales start taking on a fiery red colour.
  4272 | Ossuary  | Reached XP level 7. HP: 50/59 MP: 5/11
  4272 | Ossuary  | Gained mutation: Your flesh is heat resistant. (rF+) [Red
                  | Draconian growth]
  4476 | D:4      | Learned a level 4 spell: Olgreb's Toxic Radiance
  4709 | D:5      | Entered Level 5 of the Dungeon
  4941 | D:5      | Reached skill level 5 in Conjurations
  6051 | D:5      | Reached skill level 5 in Poison Magic
  6051 | D:5      | Reached XP level 8. HP: 61/66 MP: 6/14
  6470 | D:6      | Found a burning altar of Makhleb.
  6479 | D:6      | Reached skill level 6 in Conjurations
  6619 | D:6      | Found a staircase to the Ecumenical Temple.
  6655 | D:6      | Found an iron altar of Okawaru.
  6818 | Temple   | Entered the Ecumenical Temple
  7065 | Temple   | Became a worshipper of Gozag Ym Sagoz the Greedy
  7178 | D:6      | Slain by an orc warrior

Illustrated notes

Levels and vault maps discovered:
D:1:      nicolae_arrival_washed_ashore, layout_loops_corners,
          hellmonk_ecumenical_altar_pennies_from_heaven
D:2:      layout_rooms
D:3:      cheibrodos_helix_gallery, layout_loops_ring,
          minmay_fractal_squares_gapless_5
D:4:      kennysheep_slugbush, layout_basic, nicolae_overflow_crystal_walls,
          enter_ossuary_4
D:5:      layout_loops_cross, minmay_hedge_maze
D:6:      black_bear_nest_1, layout_rooms, nicolae_overflow_squiral,
          minmay_temple_entry_oklob, due_unseen_surprise
Temple:   dpeg_five_rooms_temple

Skill      XL: |  1  2  3  4  5  6  7  8 |
---------------+-------------------------+-----
Transmutations | 2 |  2.0
Poison Magic   | 4 5 |  5.1
Conjurations   | 1 2 3 4 5 6 |  6.4
Fighting       | 1 2 3 4 |  4.0
Spellcasting   | 4 |  4.9
Dodging        | |  1.7
Stealth        | |  1.7

Action                   |  1- 3 |  4- 6 |  7- 9 || total
-------------------------+-------+-------+-------++-------
Melee: Unarmed           |    21 |       |       ||    21
       Tailslap          |    11 |    33 |    20 ||    64
       Dagger            |    77 |   266 |   180 ||   523
       Spear             |       |       |     3 ||     3
 Cast: Sting             |    23 |     7 |     2 ||    32
       Searing Ray       |       |    12 |    13 ||    25
 Abil: Breathe Fire      |       |       |     8 ||     8
  Use: Potion            |       |     1 |       ||     1
       Scroll            |       |     9 |     1 ||    10
 Stab: Sleeping          |     2 |     6 |     3 ||    11
Armor: Skin              |    33 |   151 |    74 ||   258
Dodge: Dodged            |    85 |   255 |   132 ||   472

Table legend: (Time is in decaauts)
 A = Elapsed time spent in this place.
 B = Non-inter-level travel time spent in this place.
 C = Inter-level travel time spent in this place.
 D = Time resting spent in this place.
 E = Time spent auto-exploring this place.
 F = Levels seen in this place.
 G = Mean time per level.
                   A        B        C        D        E       F      G
               +--------+--------+--------+--------+--------+-----+--------+
         Total |   7198 |   6919 |    279 |    145 |   5224 |   8 |  899.8 |
       Dungeon |   6396 |   6203 |    193 |    145 |   4801 |   6 | 1066.0 |
        Temple |    299 |    213 |     86 |      0 |    201 |   1 |  299.0 |
       Ossuary |    502 |    502 |      0 |      0 |    222 |   1 |  502.0 |
               +--------+--------+--------+--------+--------+-----+--------+

Top non-repeatable levels by time:
     D:5: 1603 daAuts
     D:1: 1372 daAuts
     D:3: 1319 daAuts
     D:2: 769 daAuts
     D:4: 766 daAuts
     D:6: 565 daAuts
 Ossuary: 502 daAuts
  Temple: 299 daAuts
